[ PARTIDA AOE2 · #476441763 ]
UnrankedMalíes vs Khmer
[ ANÁLISIS DE REPETICIÓN · EXTRAÍDO DE LA PARTIDA GRABADA ]
Feudal
12:16
Castillos
15:46
Imperial
27:43
| APM promedio | 41.7 |
| APM pico | 135 |
| eAPM promedio | 29.9 |
| Aldeanos / militares | 157 / 28 |
Foco
⚔️ 39.1% · 🌾 60.9%
Gbeto ×28
Feudal
—
Castillos
—
Imperial
—
| APM promedio | 0.0 |
| APM pico | 0 |
| eAPM promedio | 0.0 |
| Aldeanos / militares | 0 / 0 |
Feudal
11:22
Castillos
15:08
Imperial
—
| APM promedio | 43.9 |
| APM pico | 98 |
| eAPM promedio | 25.8 |
| Aldeanos / militares | 133 / 22 |
Foco
⚔️ 33.0% · 🌾 67.0%
Scorpion ×13 · Monk ×5 · Mangonel ×4
Feudal
10:33
Castillos
14:28
Imperial
—
| APM promedio | 28.1 |
| APM pico | 77 |
| eAPM promedio | 15.9 |
| Aldeanos / militares | 56 / 65 |
Foco
⚔️ 39.3% · 🌾 60.7%
Berserk ×54 · Battering Ram ×11
Mapa de la partida
Recursos iniciales + cada clic de construcción. Líneas = muros · curvas = relieve. ◆ oro · ⬟ piedra · ● bayas · ✦ reliquia · ◌ hueco del cierre
Tu base· ✓ Cerrada en 15:46 · 0t muro · 3 puerta(s)
Base de bipeng2008· ✓ Cerrada en 12:00 · 0t muro · 4 puerta(s)
Base de VENÓN | SiNySTeR· ✓ Cerrada en 15:08 · 0t muro · 5 puerta(s)
Base de DEXXTER· ✓ Cerrada en 14:28 · 0t muro · 3 puerta(s)
Terreno inicial suavizado · ◌ = hueco del cierre detectado · pasá el cursor para detalles
Inputs por minuto
— VENÓN | SHARIS - - bipeng2008
Build order — VENÓN | SHARIS
Primeras 150 de 310 acciones detectadas
| 0:02 | Crear | Villager (Male) |
| 0:02 | Crear | Villager (Male) |
| 0:03 | Construir | House |
| 0:05 | Construir | House |
| 0:12 | Crear | Villager (Male) |
| 0:13 | Crear | Villager (Male) |
| 1:26 | Crear | Villager (Male) |
| 1:26 | Crear | Villager (Male) |
| 1:47 | Construir | Lumber Camp |
| 1:48 | Crear | Villager (Male) |
| 1:48 | Crear | Villager (Male) |
| 2:13 | Crear | Villager (Male) |
| 2:13 | Crear | Villager (Male) |
| 2:34 | Crear | Villager (Male) |
| 2:34 | Crear | Villager (Male) |
| 3:08 | Crear | Villager (Male) |
| 3:08 | Crear | Villager (Male) |
| 3:27 | Construir | House |
| 3:28 | Construir | House |
| 3:29 | Construir | House |
| 3:42 | Crear | Villager (Male) |
| 3:43 | Crear | Villager (Male) |
| 3:51 | Construir | Mill |
| 4:15 | Crear | Villager (Male) |
| 4:15 | Crear | Villager (Male) |
| 4:40 | Crear | Villager (Male) |
| 4:40 | Crear | Villager (Male) |
| 4:49 | Crear | Villager (Male) |
| 4:49 | Crear | Villager (Male) |
| 5:31 | Crear | Villager (Male) |
| 5:31 | Crear | Villager (Male) |
| 5:32 | Crear | Villager (Male) |
| 5:43 | Crear | Villager (Male) |
| 6:16 | Crear | Villager (Male) |
| 6:16 | Crear | Villager (Male) |
| 6:24 | Crear | Villager (Male) |
| 6:25 | Crear | Villager (Male) |
| 6:31 | Construir | Lumber Camp |
| 6:39 | Crear | Villager (Male) |
| 6:39 | Crear | Villager (Male) |
| 6:59 | Crear | Villager (Male) |
| 7:00 | Crear | Villager (Male) |
| 7:48 | Crear | Villager (Male) |
| 7:49 | Crear | Villager (Male) |
| 7:49 | Crear | Villager (Male) |
| 8:00 | Crear | Villager (Male) |
| 8:01 | Crear | Villager (Male) |
| 8:42 | Construir | Farm |
| 8:43 | Construir | Farm |
| 8:44 | Construir | Farm |
| 9:00 | Construir | Farm |
| 9:20 | Construir | Farm |
| 9:56 | Investigar | Feudal Age |
| 10:02 | Construir | Mining Camp |
| 11:24 | Crear | Villager (Male) |
| 11:24 | Crear | Villager (Male) |
| 12:16 | Edad | Edad Feudal |
| 12:20 | Construir | Market |
| 12:22 | Construir | Blacksmith |
| 12:28 | Investigar | Double-Bit Axe |
| 12:28 | Investigar | Horse Collar |
| 13:06 | Investigar | Castle Age |
| 13:12 | Construir | House |
| 13:16 | Construir | House |
| 13:17 | Construir | House |
| 14:49 | Investigar | Wheelbarrow |
| 15:46 | Edad | Edad de los Castillos |
| 15:49 | Construir | Town Center |
| 15:52 | Construir | Town Center |
| 15:57 | Construir | Town Center |
| 16:05 | Investigar | Bow Saw |
| 16:05 | Investigar | Heavy Plow |
| 16:09 | Construir | Farm |
| 16:13 | Construir | Farm |
| 16:27 | Crear | Villager (Male) |
| 16:52 | Crear | Villager (Male) |
| 17:09 | Crear | Villager (Male) |
| 17:22 | Crear | Villager (Male) |
| 17:23 | Crear | Villager (Male) |
| 17:27 | Construir | Farm |
| 17:28 | Construir | Farm |
| 17:29 | Construir | Farm |
| 17:30 | Crear | Villager (Male) |
| 17:30 | Crear | Villager (Male) |
| 17:31 | Crear | Villager (Male) |
| 17:31 | Crear | Villager (Male) |
| 17:31 | Crear | Villager (Male) |
| 17:33 | Construir | Farm |
| 17:37 | Construir | Farm |
| 17:38 | Construir | Farm |
| 17:45 | Construir | Farm |
| 17:45 | Construir | Farm |
| 17:49 | Crear | Villager (Male) |
| 17:49 | Crear | Villager (Male) |
| 17:49 | Crear | Villager (Male) |
| 17:53 | Crear | Villager (Male) |
| 17:53 | Crear | Villager (Male) |
| 17:53 | Crear | Villager (Male) |
| 17:53 | Crear | Villager (Male) |
| 17:54 | Crear | Villager (Male) |
| 18:02 | Construir | Farm |
| 18:09 | Construir | Farm |
| 18:18 | Construir | Farm |
| 18:19 | Crear | Villager (Male) |
| 18:19 | Crear | Villager (Male) |
| 18:25 | Crear | Villager (Male) |
| 18:25 | Crear | Villager (Male) |
| 18:25 | Crear | Villager (Male) |
| 18:27 | Construir | Farm |
| 18:36 | Crear | Villager (Male) |
| 18:36 | Crear | Villager (Male) |
| 18:37 | Crear | Villager (Male) |
| 18:37 | Crear | Villager (Male) |
| 18:42 | Construir | Farm |
| 18:49 | Construir | Farm |
| 18:56 | Construir | Farm |
| 19:07 | Crear | Villager (Male) |
| 19:07 | Crear | Villager (Male) |
| 19:09 | Crear | Villager (Male) |
| 19:09 | Crear | Villager (Male) |
| 19:09 | Crear | Villager (Male) |
| 19:13 | Construir | Farm |
| 19:13 | Crear | Villager (Male) |
| 19:14 | Crear | Villager (Male) |
| 19:19 | Construir | Farm |
| 19:29 | Construir | Farm |
| 19:35 | Construir | House |
| 19:36 | Construir | House |
| 19:38 | Construir | House |
| 19:42 | Crear | Villager (Male) |
| 19:42 | Crear | Villager (Male) |
| 19:42 | Crear | Villager (Male) |
| 19:45 | Construir | Farm |
| 19:46 | Crear | Villager (Male) |
| 19:46 | Crear | Villager (Male) |
| 19:53 | Crear | Villager (Male) |
| 19:53 | Crear | Villager (Male) |
| 19:53 | Crear | Villager (Male) |
| 19:56 | Construir | House |
| 20:08 | Construir | Farm |
| 20:09 | Crear | Villager (Male) |
| 20:09 | Crear | Villager (Male) |
| 20:12 | Construir | Farm |
| 20:15 | Construir | Farm |
| 20:21 | Construir | Farm |
| 20:22 | Crear | Villager (Male) |
| 20:22 | Crear | Villager (Male) |
| 20:28 | Construir | Farm |
| 20:28 | Crear | Villager (Male) |
| 20:28 | Crear | Villager (Male) |
Build order — bipeng2008
0 acciones detectadas en el replay
Build order — VENÓN | SiNySTeR
Primeras 150 de 254 acciones detectadas
| 0:01 | Crear | Villager (Male) |
| 0:01 | Crear | Villager (Male) |
| 0:01 | Crear | Villager (Male) |
| 0:02 | Construir | House |
| 0:03 | Construir | House |
| 0:07 | Crear | Villager (Male) |
| 0:07 | Crear | Villager (Male) |
| 1:10 | Crear | Villager (Male) |
| 1:10 | Crear | Villager (Male) |
| 1:11 | Crear | Villager (Male) |
| 1:43 | Construir | Settlement |
| 1:47 | Crear | Villager (Male) |
| 1:47 | Crear | Villager (Male) |
| 1:47 | Crear | Villager (Male) |
| 2:21 | Crear | Villager (Male) |
| 2:35 | Crear | Villager (Male) |
| 3:12 | Crear | Villager (Male) |
| 3:24 | Construir | House |
| 3:25 | Construir | House |
| 3:26 | Construir | House |
| 3:26 | Construir | House |
| 3:26 | Construir | House |
| 3:26 | Construir | House |
| 3:31 | Crear | Villager (Male) |
| 3:31 | Crear | Villager (Male) |
| 3:51 | Crear | Villager (Male) |
| 3:51 | Crear | Villager (Male) |
| 4:15 | Construir | House |
| 4:18 | Crear | Villager (Male) |
| 4:18 | Crear | Villager (Male) |
| 4:18 | Crear | Villager (Male) |
| 4:51 | Construir | Settlement |
| 5:02 | Crear | Villager (Male) |
| 5:02 | Crear | Villager (Male) |
| 5:12 | Crear | Villager (Male) |
| 5:30 | Crear | Villager (Male) |
| 5:30 | Crear | Villager (Male) |
| 5:47 | Crear | Villager (Male) |
| 5:48 | Crear | Villager (Male) |
| 5:48 | Crear | Villager (Male) |
| 6:09 | Crear | Villager (Male) |
| 6:09 | Crear | Villager (Male) |
| 6:14 | Construir | Settlement |
| 6:20 | Crear | Villager (Male) |
| 6:20 | Crear | Villager (Male) |
| 7:03 | Crear | Villager (Male) |
| 7:03 | Crear | Villager (Male) |
| 7:13 | Construir | Farm |
| 7:14 | Construir | Farm |
| 7:40 | Crear | Villager (Male) ×2 |
| 7:40 | Crear | Villager (Male) ×2 |
| 7:42 | Construir | Farm |
| 8:09 | Construir | Farm |
| 8:13 | Crear | Villager (Male) ×2 |
| 8:52 | Construir | Settlement |
| 8:54 | Investigar | Feudal Age |
| 8:54 | Investigar | Feudal Age |
| 10:08 | Crear | Villager (Male) |
| 10:08 | Crear | Villager (Male) |
| 11:22 | Edad | Edad Feudal |
| 11:33 | Construir | Market |
| 11:35 | Construir | Blacksmith |
| 12:22 | Investigar | Horse Collar |
| 12:22 | Investigar | Double-Bit Axe |
| 12:22 | Investigar | Double-Bit Axe |
| 12:27 | Investigar | Double-Bit Axe |
| 12:28 | Investigar | Double-Bit Axe |
| 12:28 | Investigar | Castle Age |
| 12:28 | Investigar | Castle Age |
| 12:28 | Investigar | Castle Age |
| 12:31 | Investigar | Gold Mining |
| 12:31 | Investigar | Gold Mining |
| 13:32 | Construir | Farm |
| 13:34 | Construir | Farm |
| 13:36 | Construir | Farm |
| 13:43 | Crear | Villager (Male) |
| 13:43 | Crear | Villager (Male) |
| 15:08 | Edad | Edad de los Castillos |
| 15:13 | Construir | Siege Workshop |
| 15:16 | Investigar | Bow Saw |
| 16:02 | Crear | Villager (Male) |
| 16:18 | Crear | Villager (Male) |
| 16:32 | Crear | Villager (Male) |
| 16:41 | Crear | Mangonel |
| 16:45 | Construir | Siege Workshop |
| 16:48 | Construir | Monastery |
| 17:05 | Investigar | Loom |
| 17:05 | Investigar | Loom |
| 17:08 | Construir | Farm |
| 17:22 | Crear | Mangonel |
| 17:36 | Crear | Mangonel |
| 17:53 | Crear | Villager (Male) |
| 17:55 | Crear | Villager (Male) |
| 18:15 | Crear | Monk |
| 18:15 | Crear | Monk |
| 18:17 | Construir | House |
| 18:18 | Construir | House |
| 18:46 | Crear | Scorpion |
| 18:47 | Crear | Scorpion |
| 18:47 | Crear | Villager (Male) |
| 18:50 | Crear | Villager (Male) |
| 19:13 | Crear | Scorpion |
| 19:13 | Crear | Scorpion |
| 19:14 | Crear | Villager (Male) |
| 19:28 | Crear | Scorpion |
| 19:29 | Crear | Villager (Male) |
| 19:50 | Crear | Villager (Male) |
| 20:02 | Crear | Villager (Male) |
| 20:12 | Crear | Scorpion |
| 20:15 | Crear | Scorpion |
| 20:38 | Crear | Villager (Male) |
| 20:44 | Construir | Town Center |
| 20:46 | Investigar | Wheelbarrow |
| 20:46 | Investigar | Wheelbarrow |
| 20:52 | Crear | Scorpion |
| 20:52 | Crear | Scorpion |
| 21:01 | Crear | Villager (Male) |
| 21:04 | Construir | Settlement |
| 21:24 | Construir | House |
| 21:25 | Construir | House |
| 21:25 | Construir | House |
| 21:25 | Construir | House |
| 21:28 | Crear | Villager (Male) |
| 21:29 | Investigar | Sanctity |
| 21:39 | Crear | Villager (Male) |
| 22:02 | Crear | Villager (Male) |
| 22:04 | Crear | Villager (Male) |
| 22:35 | Crear | Scorpion |
| 22:36 | Crear | Scorpion |
| 22:36 | Crear | Villager (Male) |
| 22:43 | Construir | Town Center |
| 22:59 | Crear | Villager (Male) |
| 23:14 | Crear | Monk |
| 23:16 | Crear | Scorpion |
| 23:16 | Crear | Scorpion |
| 23:18 | Crear | Villager (Male) |
| 23:19 | Construir | Settlement |
| 23:21 | Investigar | Heavy Plow |
| 23:21 | Investigar | Heavy Plow |
| 23:23 | Crear | Villager (Male) |
| 23:37 | Crear | Villager (Male) |
| 24:11 | Crear | Mangonel |
| 24:12 | Crear | Villager (Male) |
| 24:17 | Crear | Villager (Male) |
| 24:17 | Crear | Villager (Male) |
| 24:39 | Crear | Villager (Male) |
| 25:08 | Crear | Villager (Male) |
| 25:10 | Crear | Villager (Male) |
| 25:15 | Crear | Monk |
| 25:15 | Crear | Monk |
Build order — DEXXTER
Primeras 150 de 186 acciones detectadas
| 0:01 | Crear | Villager (Male) |
| 0:01 | Crear | Villager (Male) |
| 0:01 | Crear | Villager (Male) |
| 0:02 | Crear | Villager (Male) |
| 0:03 | Construir | House |
| 0:05 | Construir | House |
| 1:30 | Crear | Villager (Male) |
| 1:30 | Crear | Villager (Male) |
| 1:45 | Construir | Lumber Camp |
| 1:58 | Crear | Villager (Male) |
| 1:58 | Crear | Villager (Male) |
| 2:19 | Crear | Villager (Male) |
| 2:19 | Crear | Villager (Male) |
| 2:37 | Crear | Villager (Male) |
| 2:51 | Crear | Villager (Male) |
| 3:23 | Crear | Villager (Male) |
| 3:23 | Crear | Villager (Male) |
| 3:26 | Construir | House |
| 3:27 | Construir | House |
| 3:43 | Crear | Villager (Male) |
| 3:43 | Crear | Villager (Male) |
| 4:27 | Crear | Villager (Male) |
| 4:47 | Construir | Mill |
| 4:53 | Crear | Villager (Male) |
| 4:54 | Crear | Villager (Male) |
| 5:02 | Crear | Villager (Male) |
| 5:29 | Construir | Farm |
| 5:54 | Construir | Farm |
| 6:17 | Crear | Villager (Male) |
| 6:17 | Crear | Villager (Male) |
| 6:25 | Construir | Farm |
| 6:42 | Crear | Villager (Male) |
| 6:47 | Construir | Farm |
| 7:09 | Crear | Villager (Male) |
| 7:43 | Crear | Villager (Male) |
| 8:10 | Construir | Mining Camp |
| 8:23 | Investigar | Feudal Age |
| 8:44 | Crear | Villager (Male) |
| 8:44 | Crear | Villager (Male) |
| 8:46 | Crear | Villager (Male) |
| 8:51 | Construir | House |
| 10:08 | Construir | House |
| 10:33 | Edad | Edad Feudal |
| 10:37 | Construir | Blacksmith |
| 10:45 | Construir | Market |
| 11:25 | Construir | Mining Camp |
| 11:47 | Investigar | Castle Age |
| 12:02 | Investigar | Double-Bit Axe |
| 12:52 | Crear | Villager (Male) |
| 13:16 | Investigar | Horse Collar |
| 13:38 | Investigar | Loom |
| 13:56 | Construir | Farm |
| 13:59 | Construir | Farm |
| 14:02 | Construir | Farm |
| 14:28 | Edad | Edad de los Castillos |
| 14:40 | Crear | Villager (Male) |
| 14:42 | Investigar | Scale Mail Armor |
| 14:47 | Construir | Farm |
| 14:56 | Construir | Castle |
| 15:04 | Crear | Villager (Male) |
| 15:06 | Investigar | Gold Mining |
| 15:23 | Crear | Villager (Male) |
| 15:56 | Construir | Farm |
| 16:02 | Construir | Farm |
| 16:05 | Crear | Villager (Male) |
| 16:15 | Crear | Berserk |
| 16:17 | Crear | Berserk |
| 16:29 | Crear | Berserk |
| 16:43 | Construir | Farm |
| 16:44 | Crear | Berserk |
| 16:58 | Crear | Villager (Male) |
| 17:00 | Crear | Berserk |
| 17:05 | Construir | Farm |
| 17:20 | Crear | Villager (Male) |
| 17:37 | Construir | House |
| 17:40 | Crear | Villager (Male) |
| 17:54 | Crear | Berserk |
| 17:58 | Construir | Farm |
| 18:04 | Construir | Farm |
| 18:07 | Construir | Farm |
| 18:16 | Crear | Villager (Male) |
| 18:16 | Crear | Villager (Male) |
| 18:25 | Construir | Siege Workshop |
| 18:29 | Crear | Berserk |
| 18:49 | Crear | Villager (Male) |
| 18:55 | Crear | Berserk |
| 18:55 | Crear | Berserk |
| 19:08 | Crear | Berserk |
| 19:10 | Crear | Villager (Male) |
| 19:14 | Construir | Farm |
| 19:20 | Crear | Battering Ram |
| 19:24 | Construir | House |
| 19:26 | Crear | Villager (Male) |
| 19:43 | Crear | Battering Ram |
| 19:46 | Crear | Villager (Male) |
| 19:46 | Crear | Berserk |
| 19:54 | Investigar | Chain Mail Armor |
| 19:57 | Crear | Berserk |
| 20:23 | Construir | House |
| 20:35 | Crear | Battering Ram |
| 20:37 | Crear | Berserk |
| 20:39 | Crear | Berserk |
| 21:02 | Construir | House |
| 21:08 | Construir | Gate |
| 21:18 | Construir | House |
| 21:20 | Crear | Berserk |
| 21:21 | Crear | Berserk |
| 21:24 | Crear | Battering Ram |
| 21:26 | Crear | Villager (Male) |
| 21:27 | Crear | Villager (Male) |
| 21:30 | Construir | House |
| 21:47 | Crear | Villager (Male) |
| 21:53 | Crear | Battering Ram |
| 22:01 | Crear | Berserk |
| 22:02 | Crear | Berserk |
| 22:04 | Crear | Villager (Male) |
| 22:05 | Crear | Villager (Male) |
| 22:07 | Construir | House |
| 22:08 | Construir | House |
| 22:18 | Crear | Villager (Male) |
| 22:18 | Crear | Villager (Male) |
| 22:27 | Construir | House |
| 22:32 | Crear | Berserk |
| 22:37 | Crear | Berserk |
| 22:45 | Construir | House |
| 22:57 | Crear | Berserk |
| 22:59 | Crear | Villager (Male) |
| 23:01 | Crear | Berserk |
| 23:25 | Construir | Watch Tower |
| 23:26 | Construir | Barracks |
| 23:29 | Crear | Berserk |
| 23:30 | Crear | Berserk |
| 23:38 | Crear | Berserk |
| 23:45 | Crear | Villager (Male) |
| 23:51 | Crear | Battering Ram |
| 24:12 | Investigar | Squires |
| 24:13 | Investigar | Gambesons |
| 24:14 | Investigar | Arson |
| 24:16 | Crear | Berserk |
| 24:23 | Crear | Berserk |
| 25:19 | Crear | Berserk |
| 25:20 | Crear | Berserk |
| 25:20 | Crear | Berserk |
| 25:39 | Crear | Berserk |
| 25:40 | Crear | Berserk |
| 25:41 | Crear | Villager (Male) |
| 25:42 | Construir | Farm |
| 26:11 | Crear | Berserk |
| 26:11 | Crear | Berserk |
| 26:13 | Crear | Villager (Male) |
Cronología de la partida
| 10:33 | DEXXTER · age_up feudal |
| 11:22 | VENÓN | SiNySTeR · age_up feudal |
| 12:16 | VENÓN | SHARIS · age_up feudal |
| 14:28 | DEXXTER · age_up castle |
| 14:56 | DEXXTER · first_building Castle |
| 15:08 | VENÓN | SiNySTeR · age_up castle |
| 15:12 | VENÓN | SHARIS · first_market_buy 100 stone |
| 15:13 | VENÓN | SiNySTeR · first_building Siege Workshop |
| 15:46 | VENÓN | SHARIS · age_up castle |
| 16:48 | VENÓN | SiNySTeR · first_building Monastery |
| 18:21 | DEXXTER · first_market_buy 100 wood |
| 18:25 | DEXXTER · first_building Siege Workshop |
| 23:05 | VENÓN | SHARIS · first_building Monastery |
| 23:26 | DEXXTER · first_building Barracks |
| 24:11 | VENÓN | SHARIS · first_market_sell 100 wood |
| 24:46 | VENÓN | SHARIS · wall_segment Stone Wall x4 |
| 24:58 | VENÓN | SHARIS · wall_segment Stone Wall x1 |
| 25:12 | VENÓN | SHARIS · first_building Castle |
| 25:25 | VENÓN | SHARIS · wall_segment Stone Wall x5 |
| 25:29 | VENÓN | SHARIS · wall_segment Stone Wall x5 |
| 25:30 | VENÓN | SHARIS · wall_segment Stone Wall x1 |
| 25:46 | VENÓN | SHARIS · wall_segment Stone Wall x6 |
| 25:57 | VENÓN | SHARIS · wall_segment Stone Wall x1 |
| 26:02 | VENÓN | SHARIS · wall_segment Stone Wall x1 |
| 26:08 | VENÓN | SHARIS · wall_segment Stone Wall x5 |
| 26:14 | VENÓN | SiNySTeR · first_market_buy 100 food |
| 26:49 | VENÓN | SHARIS · wall_segment Stone Wall x5 |
| 27:25 | VENÓN | SiNySTeR · first_building Castle |
| 27:27 | VENÓN | SHARIS · wall_segment Stone Wall x3 |
| 27:33 | VENÓN | SHARIS · wall_segment Stone Wall x2 |
| 27:43 | VENÓN | SHARIS · age_up imperial |
| 28:44 | VENÓN | SiNySTeR · first_building Barracks |
| 29:26 | VENÓN | SiNySTeR · first_building Archery Range |
| 30:19 | DEXXTER · resign |
[ ANÁLISIS IA · 1 CRÉDITO ]
¿Qué pasó realmente en esta partida?
Wolo.gg analiza cada decisión: build order, eco, micro, errores típicos por bracket. Análisis personalizado por WhatsApp o Discord en 30 segundos.
Guía civ
Malíes
Perfil
Jugador #4995759